 Dungeon Sprint DCSS version 0.28-a0-224-g76b539d98b (webtiles) character file.

Game seed: 7041975957749448109

495511 MikeHunt the Victor of a Thousand Battles (level 26, 0/242 HPs)
             Began as a Formicid Fighter on Aug 21, 2021.
             Was the Champion of Okawaru.
             Slain by an Executioner (17 damage)
             ... summoned by Gloorx Vloq
             ... in the Dungeon (Sprint VII: "The Pits").
             The game lasted 01:32:49 (13316 turns).

MikeHunt the Victor of a Thousand Battles (FoFi)   Turns: 13316, Time: 01:32:50

Health: 0/242      AC: 38    Str: 23    XL:     26   Next: 6%
Magic:  18/54      EV: 23    Int: 15    God:    Okawaru [******]
Gold:   431        SH: 27    Dex: 19    Spells: 63/79 levels left

rFire   + + +      SeeInvis +   a - +9 lajatang of Naje Cori {flame, Stlth+}
rCold   + + +      Faith    .   J - +1 tower shield {rPois} {god gift}
rNeg    . . .      Spirit   .   H - +7 plate armour of Henotheism {god gift, rF+ rC+ rCorr}
rPois   +          Reflect  .   (helmet unavailable)
rElec   +          Harm     .   z - scarf {rC+ rF+} {god gift}
rCorr   +          Rampage  .   c - +2 pair of gloves {archery} {god gift}
Will    +++++                   T - +3 pair of boots "Xanyo" {god gift, rF+ Regen+}
Stlth   +++++++...              R - amulet of Geuhot {Will+ Regen+ Int+2 SInv Stlth+}
HPRegen 2.50/turn               s - ring of the Sixty-Six Seers {rElec rC++ Dex+4 Slay+5}
MPRegen 0.34/turn               d - ring of the Glowing Jester {Will+ Slay+5}

@: mighty, lethally poisoned (0 -> -5), heroic, finesse-ful, studying Slings
A: permanent stasis, dig shafts and tunnels, antennae 3, four strong arms,
strong-willed 1
}: 3/3 runes: silver, golden, iron
a: Dig, Renounce Religion, Heroism, Finesse, Duel


You were in the Dungeon.
You worshipped Okawaru.
Okawaru was exalted by your worship.
You visited 1 branch You collected 431 gold pieces.

Inventory:

Hand Weapons
 a - the +9 lajatang of Naje Cori (weapon) {flame, Stlth+}
   (You found it in the Dungeon)

   It burns those it strikes, dealing additional fire damage.
   Big, fiery blades are also staple armaments of hydra-hunters.
   Stlth:     It makes you more stealthy.
 b - the +9 heavy crossbow "Sniper" {vorpal, Acc+∞ SInv}
   (You found it in the Dungeon)

   Any ammunition fired from it inflicts extra damage upon your enemies.
   Any ammunition fired from it never misses its target.
   SInv:      It lets you see invisible.
 B - a +5 lajatang of speed {god gift}
 K - a +7 vorpal longbow
 O - a +9 lajatang of electrocution
Missiles
 k - 5 throwing nets (quivered)
 r - 40 poisoned darts
 G - 484 arrows
 L - 375 bolts
Armour
 c - a +2 pair of gloves of archery (worn) {god gift}
 h - a scarf of invisibility {god gift}
 p - a +2 cloak of preservation
 z - a scarf of resistance (worn) {god gift}
 D - a +4 crystal plate armour {god gift}
 E - the +1 cloak of Starlight {*Dazzle EV+4 Stlth--}
   (You found it in the Dungeon)

   It may blind those who miss an attack against the wearer in melee combat.
   EV:        It affects your evasion (+4).
   Stlth:     It makes you much less stealthy.
 H - the +7 plate armour of Henotheism (worn) {god gift, rF+ rC+ rCorr}
   (Okawaru gifted it to you in the Dungeon)

   rF:        It protects you from fire.
   rC:        It protects you from cold.
   rCorr:     It protects you from acid and corrosion.
 J - a +1 tower shield of poison resistance (worn) {god gift}
 M - the +4 dragonskin cloak
   (You took it off Tiamat in the Dungeon)

   It grants the wearer a chance to resist fire, cold, poison, electricity,
   acid, and negative energy.
 S - the +2 pair of gloves of Qest {Int+4}
   (You found it in the Dungeon)

   Int:       It affects your intelligence (+4).
 T - the +3 pair of boots "Xanyo" (worn) {god gift, rF+ Regen+}
   (Okawaru gifted it to you in the Dungeon)

   rF:        It protects you from fire.
   Regen:     It increases your rate of health regeneration.
Jewellery
 d - the ring of the Glowing Jester (right hand) {Will+ Slay+5}
   (You found it in the Dungeon)

   [ring of slaying]

   Slay:      It affects your accuracy & damage with ranged weapons and melee
   (+5).
   Will:      It increases your willpower.
 j - the amulet "Esmowil" {RegenMP +Inv rN+++ Dex-4}
   (You found it in the Dungeon)

   [amulet of magic regeneration]

   It increases your rate of magic regeneration.
   Dex:       It affects your dexterity (-4).
   rN:        It renders you almost immune to negative energy.
   +Inv:      It lets you turn invisible.
 q - the ring of Amelioration {+Blink rF+ Will+ Dex+6 Slay+2}
   (You found it in the Dungeon)

   [ring of dexterity]

   Dex:       It affects your dexterity (+6).
   Slay:      It affects your accuracy & damage with ranged weapons and melee
   (+2).
   rF:        It protects you from fire.
   +Blink:    It lets you blink.
   Will:      It increases your willpower.
 s - the ring of the Sixty-Six Seers (left hand) {rElec rC++ Dex+4 Slay+5}
   (You found it in the Dungeon)

   [ring of slaying]

   Dex:       It affects your dexterity (+4).
   Slay:      It affects your accuracy & damage with ranged weapons and melee
   (+5).
   rC:        It greatly protects you from cold.
   rElec:     It insulates you from electricity.
 t - the ring "Jak Moemn" {rPois Will+}
   (You found it in the Dungeon)

   [ring of willpower]

   rPois:     It protects you from poison.
   Will:      It increases your willpower.
 u - a ring of positive energy
 C - a ring of positive energy
 F - the ring "Lalytot" {rElec rF+ MP+9}
   (You found it in the Dungeon)

   [ring of magical power]

   rF:        It protects you from fire.
   rElec:     It insulates you from electricity.
   MP:        It affects your magic capacity (+9).
 N - the ring "Feiblol" {Contam rF++ rC+ Str+6}
   (You found it in the Dungeon)

   [ring of strength]

   Str:       It affects your strength (+6).
   rF:        It greatly protects you from fire.
   rC:        It protects you from cold.
   Contam:    It causes magical contamination when unequipped.
 P - the ring "Pomm" {+Blink rC+++ Int+6 Dex-5 Slay+4}
   (You found it in the Dungeon)

   [ring of slaying]

   Int:       It affects your intelligence (+6).
   Dex:       It affects your dexterity (-5).
   Slay:      It affects your accuracy & damage with ranged weapons and melee
   (+4).
   rC:        It renders you almost immune to cold.
   +Blink:    It lets you blink.
 R - the amulet of Geuhot (around neck) {Will+ Regen+ Int+2 SInv Stlth+}
   (You found it in the Dungeon)

   [amulet of regeneration]

   Int:       It affects your intelligence (+2).
   SInv:      It lets you see invisible.
   Regen:     It increases your rate of health regeneration.
   Will:      It increases your willpower.
   Stlth:     It makes you more stealthy.
 W - the ring of Shadows {Umbra +Inv Stlth+}
   (You found it in the Dungeon)

   [ring of stealth]

   It surrounds you with an aura of shadow, increasing your stealth and reducing
   the accuracy of all within it (including the wearer).
   +Inv:      It lets you turn invisible.
   Stlth:     It makes you more stealthy.
Wands
 l - a wand of polymorph (7)
 I - a wand of mindburst (12)
Scrolls
 v - 4 scrolls of fear
 x - 6 scrolls of fog
 A - 14 scrolls of identify
 U - a scroll of holy word
 Y - a scroll of silence
Potions
 e - 17 potions of curing
 f - 20 potions of heal wounds
 g - 11 potions of magic
 i - 3 potions of invisibility
 m - 6 potions of attraction
 n - 3 potions of resistance
 o - a potion of brilliance
 w - 2 potions of might
 Q - 5 potions of mutation
 V - a potion of cancellation
Miscellaneous
 y - a piece from Xom's chessboard (15/15)
 X - a condenser vane


   Skills:
 O Level 27 Fighting
 O Level 27 Staves
 + Level 26.1(27) Bows
 O Level 27 Crossbows
 - Level 19.5(24.5) Throwing
 O Level 27 Armour
 + Level 26.8(27) Dodging
 O Level 27 Stealth
 O Level 27 Shields
 O Level 27 Spellcasting
 + Level 18.5 Conjurations
 O Level 27 Earth Magic
 O Level 27 Invocations
 O Level 27 Evocations


You had 63 spell levels left.
You knew the following spells:

 Your Spells              Type           Power      Damage    Failure   Level
a - Shatter               Erth           39%        3d31*     10%         9
f - Orb of Destruction    Conj           33%        9d12      2%          7

Your spell library contained the following spells:

 Spells                   Type           Power      Damage    Failure   Level
 Stone Arrow              Conj/Erth      100%       3d13      0%          3
 Lee's Rapid Deconstruct  Erth           39%        3d20*     0%          5
 Foxfire                  Conj/Fire      100%       2x1d9     1%          1
 Passwall                 Tmut/Erth      47%        N/A       1%          2
 Static Discharge         Conj/Air       48%        N/A       1%          2
 Dazzling Flash           Conj/Hex       96%        N/A       1%          3
 Mephitic Cloud           Conj/Pois/Air  38%        N/A       1%          3
 Hailstorm                Conj/Ice       48%        3d11      1%          4
 Sticky Flame             Conj/Fire      48%        2d7       1%          4
 Bolt of Magma            Conj/Fire/Erth 30%        4d14      1%          5
 Borgnjor's Vile Clutch   Necr/Erth      28%        N/A       1%          5
 Iskenderun's Battlesphe  Conj           66%        2d12      1%          5
 Iron Shot                Conj/Erth      36%        9d7       1%          6
 Fireball                 Conj/Fire      24%        3d11      3%          5
 Lightning Bolt           Conj/Air       24%        1d39      3%          5
 Apportation              Tloc           40%        N/A       6%          1
 Pain                     Necr           80%        1d8       6%          1
 Sting                    Tmut/Pois      80%        1d7       6%          1
 Slow                     Hex            20%        N/A       9%          2
 Wereblood                Tmut           20%        N/A       9%          2
 Confusing Touch          Hex            20%        N/A       19%         3
 Ignite Poison            Fire/Tmut/Pois 20%        N/A       19%         3
 Inner Flame              Hex/Fire       20%        N/A       19%         3
 Spider Form              Tmut/Pois      10%        N/A       19%         3
 Vampiric Draining        Necr           10%        2d7       19%         3
 Conjure Ball Lightning   Conj/Air       24%        3x3d7     21%         6
 Cause Fear               Hex            10%        N/A       52%         4
 Ice Form                 Ice/Tmut       20%        N/A       52%         4
 Passage of Golubria      Tloc           N/A        N/A       52%         4
 Agony                    Necr           20%        N/A       86%         5
 Alistair's Intoxication  Tmut/Pois      13%        N/A       86%         5
 Excruciating Wounds      Necr           10%        N/A       86%         5
 Yara's Violent Unravell  Hex/Tmut       10%        3d6       86%         5
 Eringya's Noxious Bog    Tmut/Pois      10%        N/A       100%        6
 Invisibility             Hex            10%        N/A       100%        6
 Storm Form               Tmut/Air       10%        N/A       100%        7
 Discord                  Hex            10%        N/A       100%        8
 Fire Storm               Conj/Fire      24%        8d6       100%        9
 Animate Skeleton         Necr           Unusable   N/A       N/A         1
 Tukima's Dance           Hex            Unusable   N/A       N/A         3
 Summon Mana Viper        Hex/Summ       Unusable   N/A       N/A         5
 Simulacrum               Ice/Necr       Unusable   N/A       N/A         6
 Summon Horrible Things   Summ           Unusable   N/A       N/A         8

Dungeon Overview and Level Annotations

Branches:
Dungeon (1/1)

Altars:
Ashenzari
Cheibriados
Dithmenos
Elyvilon
Fedhas
Gozag
Hepliaklqana
Kikubaaqudgha
Makhleb
Nemelex Xobeh
Okawaru
Qazlal
Ru
Sif Muna
Trog
Uskayaw
Vehumet
Wu Jian
Xom
Yredelemnul
Zin
The Shining One
Beogh
Jiyva
Lugonu

Annotations:
D Gloorx Vloq, Mara


Innate Abilities, Weirdness & Mutations

You cannot be hasted, slowed, berserked, paralysed or teleported.
You can dig through walls and to a lower floor.
You have a pair of large antennae on your head. (SInv)
Your four strong arms can wield two-handed weapons with a shield.
You are strong-willed. (Will+)


Message History

* * * LOW HITPOINT WARNING * * *
The hell beast completely misses you.
The Executioner hits you but does no damage. x2
The Executioner misses you. The Executioner completely misses you.
The Executioner misses you. The Executioner completely misses you.
The Executioner hits you but does no damage.
The Executioner misses you.
The Executioner hits you but does no damage.
Gloorx Vloq calls on the powers of darkness!
Your body is wracked with pain!
* * * LOW HITPOINT WARNING * * *
You block the hell beast's attack.
The hell beast tramples you but does no damage.
You feel much better.
You feel extremely sick.
The Executioner hits you but does no damage.
You block the Executioner's attack. x3; The Executioner completely misses you.
You block the Executioner's attack.
The Executioner hits you but does no damage.
The Executioner barely misses you.
The Executioner hits you but does no damage.
The Executioner hits you.
* * * LOW HITPOINT WARNING * * *
The Executioner hits you but does no damage. x3
You block the Executioner's attack. The Executioner hits you.
* * * LOW HITPOINT WARNING * * *
The Executioner hits you but does no damage.
You block the Executioner's attack.
The Executioner hits you but does no damage.
Gloorx Vloq gestures at you. The foul vapour engulfs you.
* * * LOW HITPOINT WARNING * * *
The Executioner hits you but does no damage. x2
The Executioner hits you.
* * * LOW HITPOINT WARNING * * *
The Executioner completely misses you. You block the Executioner's attack.
The Executioner hits you but does no damage.
The hell beast closely misses you. The hell beast misses you.
The Executioner hits you!
You die...

# ###.######### ############ ##
##......(.##.# #=..[..".)[[ .##
##..........#.####[..[......[
{.###....).......#)#.#|))[.)).)..
{{{#..............#)#.|=))}.[[†..
{{.#...........&2○...#.######'###
#..#.†W......(.1@○...............
#.†.........(..11○##.............
#..........(......○#..#.#########
#...........)......##..#.# ### ##
#..#................#..#.###.###.
...#..............#.###...)...#..
...#..............##)##..###.###.
..###............####'.#.#.##))##
.## ##..........## #...#...#[..#


You could see Gloorx Vloq, a hell beast and 3 Executioners.

Vanquished Creatures
  Antaeus (D)
  Asmodeus (D)
  Dissolution (D)
  3 orbs of fire (D)
  Tiamat (D)
  3 ancient liches (D)
  Khufu (twice) (D)
  5 royal mummies (D)
  Frederick (twice) (D)
  Boris (twice) (D)
  Margery (D)
  4 Killer Klowns (D)
  6 pandemonium lords (D)
  Geryon (twice) (D)
  Xtahua (D)
  11 golden dragons (D)
  Nikola (D)
  2 pearl dragons (D)
  Jory (twice) (D)
  A bone dragon (D)
  5 Brimstone Fiends (D)
  3 electric golems (D)
  2 hellephants (D)
  8 Tzitzimimeh (D)
  21 Orb Guardians (D)
  2 liches (D)
  2 Ice Fiends (D)
  2 deep elf blademasters (D)
  4 titans (D)
  8 Hell Sentinels (D)
  9 quicksilver dragons (D)
  4 acid blobs (D)
  8 deep elf master archers (D)
  A sphinx (D)
  Polyphemus (D)
  5 Executioners (D)
  6 storm dragons (D)
  2 azure jellies (D)
  4 nagarajas (D)
  13 shadow dragons (D)
  2 daevas (D)
  2 rockslimes (D)
  5 deep elf sorcerers (D)
  A fire giant (D)
  7 iron dragons (D)
  A frost giant (D)
  6 balrugs (D)
  A draconian scorcher (D)
  A cacodemon (D)
  21 orc warlords (D)
  5 ghost moths (D)
  2 draconian shifters (D)
  A draconian annihilator (D)
  3 ophanim (D)
  A ghoul (D)
  3 war gargoyles (D)
  A reaper (D)
  A green draconian (D)
  A vampire knight (D)
  5 deep elf demonologists (D)
  A deep elf annihilator (D)
  A black draconian (D)
  2 apis (D)
  3 white draconians (D)
  A lorocyproca (D)
  2 yellow draconians (D)
  A dire elephant (D)
  4 purple draconians (D)
  3 eidola (D)
  2 deep elf death magi (D)
  4 red draconians (D)
  15 fire dragons (D)
  3 deep elf high priests (D)
  2 merfolk impalers (D)
  3 blizzard demons (D)
  2 green deaths (D)
  2 great orbs of eyes (D)
  12 ice dragons (D)
  A yaktaur captain (D)
  3 vault guards (D)
  4 naga warriors (D)
  3 boulder beetles (D)
  A hell beast (D)
  2 ogre magi (D)
  A centaur warrior (D)
  Erica (twice) (D)
  3 death knights (D)
  11 hydras (D)
  11 two-headed ogres (D)
  4 death yaks (D)
  5 orc high priests (D)
  5 hell knights (D)
  4 deep elf knights (D)
  4 soul eaters (D)
  5 sun demons (D)
  A spriggan (D)
  2 salamander mystics (D)
  2 sixfirhies (D)
  A fire crab (D)
  2 flayed ghosts (D)
  4 iron trolls (D)
  3 shadow wraiths (D)
  2 naga ritualists (D)
  2 spriggan druids (D)
  4 wizards (D)
  2 bog bodies (D)
  17 swamp dragons (D)
  26 orc knights (D)
  7 deep elf zephyrmancers (D)
  15 orc sorcerers (D)
  3 wolf spiders (D)
  4 necromancers (D)
  A moth of wrath (D)
  Maurice (D)
  2 black mambas (D)
  3 naga magi (D)
  3 rust devils (D)
  2 smoke demons (D)
  3 cane toads (D)
  A rime drake (D)
  3 hellions (D)
  3 tormentors (D)
  4 freezing wraiths (D)
  An unseen horror (D)
  An unseen horror (shapeshifter) (D)
  2 efreet (D)
  An ice devil (D)
  10 merfolk (D)
  4 red devils (D)
  2 jumping spiders (D)
  2 polar bears (D)
  A hornet (D)
  2 snapping turtles (D)
  3 wandering mushrooms (D)
  2 flying skulls (D)
  3 air elementals (D)
  4 ynoxinuls (D)
  15 redbacks (D)
  2 tarantellas (D)
  A vampire (D)
  A fire bat (shapeshifter) (D)
  A fire elemental (D)
  4 golden eyes (D)
  2 small abominations (D)
  6 wargs (D)
  2 nagas (D)
  4 water moccasins (D)
  2 swamp drakes (D)
  25 orc warriors (D)
  2 sky beasts (D)
  A large abomination (D)
  A necrophage (D)
  6 ogres (D)
  2 phantoms (D)
  Blork the orc (twice) (D)
  2 kobold brigands (D)
  2 gnoll sergeants (D)
  3 scorpions (D)
  10 wights (D)
  2 crimson imps (D)
  5 orc priests (D)
  Jessica (twice) (D)
  Ijyb (twice) (D)
  Terence (twice) (D)
  7 orc wizards (D)
  2 iguanas (D)
  A hell rat (D)
  2 adders (D)
  10 gnolls (D)
  2 ufetubi (D)
  An adder skeleton (D)
  2 adder zombies (D)
  An adder simulacrum (D)
  18 orcs (D)
  2 bats (D)
  2 bat zombies (D)
  4 endoplasms (D)
  10 hobgoblins (D)
  6 jackals (D)
  2 kobolds (D)
  2 quokkas (D)
  2 ball python zombies (D)
  3 bat simulacra (D)
  A quokka simulacrum (D)
  2 rats (D)
716 creatures vanquished.

Vanquished Creatures (others)
  An unseen horror (D)
  A wandering mushroom (D)
  An orc wizard (D)
  An adder simulacrum (D)
4 creatures vanquished.

Grand Total: 720 creatures vanquished

Notes
Turn   | Place    | Note
-------+----------+-------------------------------------------
     0 | D        | MikeHunt the Formicid Fighter began the quest for the Orb.
     0 | D        | Reached XP level 1. HP: 18/18 MP: 1/1
    16 | D        | Found a bloodstained altar of Trog.
    16 | D        | Found a shimmering blue altar of Sif Muna.
    16 | D        | Found a viscous altar of Jiyva.
    16 | D        | Found a hazy altar of Hepliaklqana.
    16 | D        | Found an opulent altar of Gozag.
    17 | D        | Found a glowing golden altar of the Shining One.
    17 | D        | Found a glowing silver altar of Zin.
    17 | D        | Found a basalt altar of Yredelemnul.
    17 | D        | Found a shimmering altar of Xom.
    17 | D        | Found an ornate altar of the Wu Jian Council.
    17 | D        | Found a sacrificial altar of Ru.
    17 | D        | Found a stormy altar of Qazlal.
    17 | D        | Found an iron altar of Okawaru.
    17 | D        | Found a sparkling altar of Nemelex Xobeh.
    17 | D        | Found a burning altar of Makhleb.
    17 | D        | Found a blossoming altar of Fedhas.
    17 | D        | Found a white marble altar of Elyvilon.
    17 | D        | Found a shadowy altar of Dithmenos.
    17 | D        | Found a snail-covered altar of Cheibriados.
    18 | D        | Found a radiant altar of Vehumet.
    18 | D        | Found a corrupted altar of Lugonu.
    19 | D        | Found a hide-covered altar of Uskayaw.
    19 | D        | Found an ancient bone altar of Kikubaaqudgha.
    19 | D        | Found a broken altar of Ashenzari.
    32 | D        | Became a worshipper of Warmaster Okawaru
   165 | D        | Reached XP level 2. HP: 9/24 MP: 2/2
   370 | D        | Reached skill level 5 in Shields
   439 | D        | Noticed a gnoll sergeant
   439 | D        | Noticed Ijyb
   483 | D        | Killed a gnoll sergeant
   483 | D        | Reached * piety under Okawaru
   484 | D        | Reached skill level 5 in Staves
   484 | D        | Reached XP level 3. HP: 18/29 MP: 3/3
   484 | D        | Reached XP level 4. HP: 22/35 MP: 4/4
   486 | D        | Reached XP level 5. HP: 26/41 MP: 5/5
   494 | D        | Killed Ijyb
   511 | D        | Reached XP level 6. HP: 24/47 MP: 6/6
   670 | D        | Reached skill level 1 in Invocations
   705 | D        | Noticed a water moccasin
   718 | D        | Killed a water moccasin
   718 | D        | Reached ** piety under Okawaru
   719 | D        | Reached skill level 10 in Staves
   719 | D        | Reached skill level 5 in Invocations
   930 | D        | Noticed a redback
   937 | D        | Killed a redback
   938 | D        | Reached XP level 7. HP: 43/52 MP: 7/10
   940 | D        | Noticed a warg
   940 | D        | Noticed Blork the orc
   954 | D        | Killed Blork the orc
   961 | D        | Killed a warg
   961 | D        | Reached *** piety under Okawaru
   962 | D        | Reached XP level 8. HP: 19/58 MP: 9/11
   971 | D        | Reached skill level 1 in Dodging
  1171 | D        | Noticed a ynoxinul
  1171 | D        | Noticed a freezing wraith
  1184 | D        | Killed a freezing wraith
  1185 | D        | Reached skill level 5 in Fighting
  1185 | D        | Reached skill level 5 in Armour
  1188 | D        | Killed a ynoxinul
  1304 | D        | Noticed a shadow wraith
  1334 | D        | Killed a shadow wraith
  1334 | D        | Reached **** piety under Okawaru
  1334 | D        | Reached ***** piety under Okawaru
  1335 | D        | Reached skill level 5 in Dodging
  1335 | D        | Reached XP level 9. HP: 70/74 MP: 10/12
  1430 | D        | Noticed a merfolk
  1438 | D        | Killed a merfolk
  1712 | D        | Noticed a deep elf zephyrmancer
  1719 | D        | Killed a deep elf zephyrmancer
  1720 | D        | Reached XP level 10. HP: 64/83 MP: 11/15
  1732 | D        | Noticed Jessica
  1732 | D        | Noticed a two-headed ogre
  1740 | D        | Killed a two-headed ogre
  1741 | D        | Reached skill level 10 in Fighting
  1741 | D        | Reached skill level 10 in Armour
  1743 | D        | Killed Jessica
  1888 | D        | Noticed a black mamba
  1894 | D        | Killed a black mamba
  1913 | D        | Noticed a freezing wraith
  1930 | D        | Killed a freezing wraith
  1950 | D        | Noticed a smoke demon
  1950 | D        | Noticed a nagaraja
  1950 | D        | Noticed a deep elf zephyrmancer
  1963 | D        | Killed a nagaraja
  1963 | D        | Identified the +0 robe "Acaik" {god gift, Int+3} (Okawaru
                  | gifted it to you in the Dungeon)
  1963 | D        | Received a gift from Okawaru
  1964 | D        | Reached skill level 10 in Invocations
  1964 | D        | Reached XP level 11. HP: 68/95 MP: 10/18
  1966 | D        | Reached ****** piety under Okawaru
  1973 | D        | Reached skill level 10 in Dodging
  1977 | D        | Killed a deep elf zephyrmancer
  2006 | D        | Noticed Terence
  2009 | D        | Noticed a two-headed ogre
  2022 | D        | Killed Terence
  2036 | D        | Killed a two-headed ogre
  2043 | D        | Noticed Erica
  2043 | D        | Noticed a boulder beetle
  2064 | D        | Killed Erica
  2198 | D        | Noticed a two-headed ogre
  2209 | D        | Killed a boulder beetle
  2218 | D        | Killed a two-headed ogre
  2417 | D        | Reached XP level 12. HP: 52/108 MP: 19/19
  2751 | D        | Noticed a naga ritualist
  2751 | D        | Noticed a flayed ghost
  2773 | D        | Killed a flayed ghost
  2773 | D        | Received a gift from Okawaru
  2782 | D        | Killed a naga ritualist
  2818 | D        | Noticed a salamander mystic
  2844 | D        | Killed a salamander mystic
  2845 | D        | Reached skill level 15 in Fighting
  2863 | D        | Noticed a purple draconian
  2869 | D        | Reached skill level 15 in Armour
  2883 | D        | Killed a purple draconian
  3106 | D        | Noticed a purple draconian
  3131 | D        | Killed a purple draconian
  3131 | D        | Received a gift from Okawaru
  3447 | D        | Noticed a flayed ghost
  3447 | D        | Noticed a salamander mystic
  3460 | D        | Killed a salamander mystic
  3467 | D        | Noticed a naga ritualist
  3476 | D        | Killed a flayed ghost
  3484 | D        | Reached XP level 13. HP: 92/119 MP: 13/20
  3558 | D        | Found a bloodstained altar of Trog.
  3558 | D        | Found a shimmering blue altar of Sif Muna.
  3558 | D        | Found a viscous altar of Jiyva.
  3558 | D        | Found a hazy altar of Hepliaklqana.
  3558 | D        | Found an opulent altar of Gozag.
  3559 | D        | Found a glowing golden altar of the Shining One.
  3559 | D        | Found a glowing silver altar of Zin.
  3559 | D        | Found a basalt altar of Yredelemnul.
  3559 | D        | Found a shimmering altar of Xom.
  3559 | D        | Found a sacrificial altar of Ru.
  3559 | D        | Found a stormy altar of Qazlal.
  3559 | D        | Found an iron altar of Okawaru.
  3559 | D        | Found a sparkling altar of Nemelex Xobeh.
  3559 | D        | Found a blossoming altar of Fedhas.
  3559 | D        | Found a white marble altar of Elyvilon.
  3559 | D        | Found a shadowy altar of Dithmenos.
  3560 | D        | Found an ornate altar of the Wu Jian Council.
  3560 | D        | Found a burning altar of Makhleb.
  3560 | D        | Found a snail-covered altar of Cheibriados.
  3785 | D        | Noticed Ijyb
  3799 | D        | Killed Ijyb
  3859 | D        | Noticed Blork the orc
  3865 | D        | Killed Blork the orc
  4010 | D        | Identified the +12 shortbow of Ijyenivo {flame, Int+3}
  4019 | D        | Noticed a merfolk impaler
  4057 | D        | Killed a merfolk impaler
  4093 | D        | Reached skill level 15 in Dodging
  4157 | D        | Noticed a merfolk impaler
  4200 | D        | Killed a merfolk impaler
  4200 | D        | Identified the amulet "Siuq" {Regen+ Int+7}
  4201 | D        | Reached skill level 10 in Shields
  4441 | D        | Identified the +1 crystal plate armour of Coronation {god
                  | gift, Stlth+} (Okawaru gifted it to you in the Dungeon)
  4441 | D        | Received a gift from Okawaru
  4493 | D        | Noticed Maurice
  4509 | D        | Killed Maurice
  4562 | D        | Noticed a boulder beetle
  4562 | D        | Noticed a fire giant
  4601 | D        | Killed a fire giant
  4630 | D        | Reached XP level 14. HP: 87/131 MP: 16/23
  4769 | D        | Noticed Jessica
  4775 | D        | Killed Jessica
  4839 | D        | Noticed a nagaraja
  4857 | D        | Killed a nagaraja
  4914 | D        | Noticed Terence
  4935 | D        | Killed Terence
  5148 | D        | Received a gift from Okawaru
  5170 | D        | Noticed Erica
  5189 | D        | Killed Erica
  5446 | D        | Noticed an orc warlord
  5446 | D        | Noticed an orc warlord
  5485 | D        | Killed an orc warlord
  5567 | D        | Killed an orc warlord
  5567 | D        | Received a gift from Okawaru
  5568 | D        | Reached skill level 15 in Invocations
  5624 | D        | Noticed a shadow dragon
  5639 | D        | Reached XP level 15. HP: 141/141 MP: 18/26
  5645 | D        | Killed a shadow dragon
  5646 | D        | Reached skill level 15 in Shields
  5663 | D        | Noticed a deep elf master archer
  5680 | D        | Killed a deep elf master archer
  5782 | D        | Found the +1 cloak of Starlight {*Dazzle EV+4 Stlth--}
  5802 | D        | Found the +4 moon troll leather armour {Spirit, Regen++
                  | MP+5}
  5867 | D        | Received a gift from Okawaru
  6248 | D        | Noticed a deep elf master archer
  6279 | D        | Killed a deep elf master archer
  6353 | D        | Reached skill level 15 in Staves
  6392 | D        | Identified the +7 plate armour of Henotheism {god gift, rF+
                  | rC+ rCorr} (Okawaru gifted it to you in the Dungeon)
  6392 | D        | Received a gift from Okawaru
  6430 | D        | Reached skill level 5 in Bows
  6442 | D        | Noticed Polyphemus
  6462 | D        | Killed Polyphemus
  6468 | D        | Noticed a ghost moth
  6473 | D        | Killed a ghost moth
  6480 | D        | Noticed an acid blob
  6481 | D        | Noticed a bone dragon
  6487 | D        | Reached XP level 16. HP: 152/152 MP: 4/28
  6500 | D        | Reached skill level 10 in Bows
  6509 | D        | Killed an acid blob
  6561 | D        | Killed a bone dragon
  6667 | D        | Identified the +3 quarterstaff of Ylotorag {god gift,
                  | drain, Int+3} (Okawaru gifted it to you in the Dungeon)
  6667 | D        | Received a gift from Okawaru
  6674 | D        | Noticed a deep elf master archer
  6687 | D        | Reached skill level 15 in Bows
  6719 | D        | Noticed an electric golem
  6750 | D        | Killed a deep elf master archer
  6757 | D        | Killed an electric golem
  6828 | D        | Noticed Nikola
  6839 | D        | Noticed a deep elf master archer
  6853 | D        | Received a gift from Okawaru
  6860 | D        | Killed a deep elf master archer
  6863 | D        | Killed Nikola
  6863 | D        | Received a gift from Okawaru
  6898 | D        | Found the +9 heavy crossbow "Sniper" {vorpal, Acc+∞ SInv}
  7232 | D        | Noticed a frost giant
  7249 | D        | Killed a frost giant
  7259 | D        | Reached XP level 17. HP: 92/158 MP: 24/29
  7334 | D        | Noticed a Tzitzimitl
  7561 | D        | Noticed a Hell Sentinel
  7586 | D        | Noticed a Brimstone Fiend
  7591 | D        | Received a gift from Okawaru
  7728 | D        | Received a gift from Okawaru
  7739 | D        | Got the Guide on Excruciating Dislocation
  7741 | D        | Got the Disquisition on Poisoning and Air
  7743 | D        | Got the Reference Book on Unstable Confrontation
  7749 | D        | Got Nocuzeof's Catalogue of Hurtful Contamination
  7751 | D        | Got Sif Muna's Collected Works on the Mountains
  7753 | D        | Got the Compendium of Conjuration and Summoning
  7777 | D        | Got the amulet of Geuhot {Will+ Regen+ Int+2 SInv Stlth+}
  7794 | D        | Got the amulet "Puviasew" {RegenMP Dex+2}
  7797 | D        | Got the amulet "Plog" {Regen+ rCorr Dex+3}
  7800 | D        | Got the amulet of Elyvilon's Scorn {RegenMP +Blink Str-4
                  | Int+4}
  7804 | D        | Got the ring of the Glowing Jester {Will+ Slay+5}
  7811 | D        | Got the ring "Gydot" {Contam Will+ rCorr Int+6 Dex+6}
  7814 | D        | Got the ring "Hujecw" {Will+ AC+6 Int+2 Dex+5 Slay-5}
  7817 | D        | Got the ring "Vaekos" {rC+ Str+5}
  7820 | D        | Got the ring "Dopotimy" {AC+6 Str+2}
  7823 | D        | Got the amulet of Robus {RegenMP rC+ rCorr Str+4}
  7826 | D        | Got the ring "Oxuen" {rF- rC+ Str+5 Dex+6}
  7832 | D        | Got the ring of Zin's Pride {Fire rElec Slay+3}
  7835 | D        | Got the ring of Fiol {*Corrode rElec Will+ SInv}
  7838 | D        | Got the amulet of Eneaqann {Spirit rPois rF+ Dex+3}
  7841 | D        | Got the amulet "Qorichane" {Faith Str+2 Dex+2}
  7844 | D        | Got the amulet "Esmowil" {RegenMP +Inv rN+++ Dex-4}
  7846 | D        | Got the amulet "Jati Fao" {Spirit Str+9}
  7849 | D        | Got the ring "Jak Moemn" {rPois Will+}
  7852 | D        | Got the ring of Amelioration {+Blink rF+ Will+ Dex+6
                  | Slay+2}
  7854 | D        | Got the ring of the Sixty-Six Seers {rElec rC++ Dex+4
                  | Slay+5}
  7862 | D        | Got the amulet "Acid" {Faith Will- rCorr Int+9 Dex-5}
  7865 | D        | Got the ring "Bakheqe" {rN+ EV+6}
  7868 | D        | Got the ring "Fyromih" {rC++ Str-2 Dex+6 Stlth+}
  7871 | D        | Got the ring of Nicum {Fly rF+ Str+4 Int-5 Dex+3}
  7980 | D        | Noticed a sphinx
  8002 | D        | Received a gift from Okawaru
  8005 | D        | Killed a sphinx
  8028 | D        | Noticed a lich
  8068 | D        | Killed a lich
  8092 | D        | Noticed a royal mummy
  8123 | D        | Killed a royal mummy
  8123 | D        | Identified the -2 pair of boots of Dogmatism {god gift,
                  | Int+3 Dex+2} (Okawaru gifted it to you in the Dungeon)
  8123 | D        | Received a gift from Okawaru
  8133 | D        | Reached XP level 18. HP: 76/168 MP: 26/32
  8138 | D        | Noticed a royal mummy
  8161 | D        | Killed a royal mummy
  8166 | D        | Noticed a Brimstone Fiend
  8182 | D        | Killed a Brimstone Fiend
  8186 | D        | Noticed a Hell Sentinel
  8195 | D        | Killed a Hell Sentinel
  8278 | D        | Noticed a Killer Klown
  8291 | D        | Killed a Killer Klown
  8335 | D        | Noticed Ohuvophe the pandemonium lord
  8336 | D        | Noticed a deep elf master archer
  8362 | D        | Killed Ohuvophe the pandemonium lord
  8368 | D        | Killed a deep elf master archer
  8440 | D        | Received a gift from Okawaru
  8445 | D        | Noticed an Executioner
  8453 | D        | Killed an Executioner
  8461 | D        | Got the +9 lajatang of Naje Cori {flame, Stlth+}
  8569 | D        | Noticed an acid blob
  8575 | D        | Killed an acid blob
  8791 | D        | Reached XP level 19. HP: 153/174 MP: 29/33
  8832 | D        | Reached skill level 10 in Evocations
  8864 | D        | Reached skill level 15 in Evocations
  8875 | D        | Identified the +3 dagger of Corporal Punishment {flame,
                  | Int+4 SInv}
  8883 | D        | Received a gift from Okawaru
  8916 | D        | Received a gift from Okawaru
  8948 | D        | Received a gift from Okawaru
  9007 | D        | Got the ring "Lalytot" {rElec rF+ MP+9}
  9026 | D        | Got a silver rune of Zot
  9364 | D        | Noticed a Tzitzimitl
  9371 | D        | Killed a Tzitzimitl
  9372 | D        | Reached skill level 5 in Crossbows
  9388 | D        | Noticed a Tzitzimitl
  9394 | D        | Killed a Tzitzimitl
  9395 | D        | Reached skill level 10 in Crossbows
  9483 | D        | Reached skill level 15 in Crossbows
  9633 | D        | Reached XP level 20. HP: 182/182 MP: 13/34
  9681 | D        | Noticed a Brimstone Fiend
  9686 | D        | Killed a Brimstone Fiend
  9694 | D        | Noticed an Ice Fiend
  9701 | D        | Killed an Ice Fiend
  9826 | D        | Noticed a Tzitzimitl
  9840 | D        | Killed a Tzitzimitl
  9940 | D        | Noticed a Brimstone Fiend
  9951 | D        | Killed a Brimstone Fiend
 10050 | D        | Noticed Frederick
 10057 | D        | Killed Frederick
 10066 | D        | Noticed Boris
 10085 | D        | Killed Boris
 10137 | D        | Noticed an electric golem
 10145 | D        | Killed an electric golem
 10148 | D        | Noticed Khufu
 10155 | D        | Killed Khufu
 10155 | D        | Received a gift from Okawaru
 10161 | D        | Noticed Geryon
 10175 | D        | Killed Geryon
 10179 | D        | Noticed Qucauj the pandemonium lord
 10199 | D        | Killed Qucauj the pandemonium lord
 10202 | D        | Noticed an orb of fire
 10215 | D        | Killed an orb of fire
 10215 | D        | Received a gift from Okawaru
 10269 | D        | Noticed an ancient lich
 10273 | D        | Killed an ancient lich
 10322 | D        | Noticed a Killer Klown
 10324 | D        | Noticed Jory
 10329 | D        | Killed a Killer Klown
 10330 | D        | Reached XP level 21. HP: 202/202 MP: 35/37
 10333 | D        | Killed Jory
 10333 | D        | Identified the +0 animal skin of Acouwo {god gift, +Inv
                  | Will+} (Okawaru gifted it to you in the Dungeon)
 10333 | D        | Received a gift from Okawaru
 10446 | D        | Reached skill level 27 in Invocations
 10446 | D        | Reached skill level 1 in Spellcasting
 10456 | D        | Learned a level 9 spell: Shatter
 10472 | D        | Reached skill level 5 in Earth Magic
 10477 | D        | Reached skill level 5 in Spellcasting
 10479 | D        | Found the +4 dragonskin cloak
 10479 | D        | Noticed Tiamat
 10626 | D        | Found the +4 dragonskin cloak
 10626 | D        | Noticed Tiamat
 10650 | D        | Killed Tiamat
 10811 | D        | Reached skill level 27 in Fighting
 10820 | D        | Reached skill level 10 in Spellcasting
 10861 | D        | Noticed a royal mummy
 10862 | D        | Noticed a royal mummy
 10864 | D        | Found the +7 sceptre of Asmodeus
 10864 | D        | Noticed Asmodeus
 10894 | D        | Killed a royal mummy
 10904 | D        | Killed a royal mummy
 10905 | D        | Reached skill level 15 in Earth Magic
 10930 | D        | Killed Asmodeus
 10930 | D        | Received a gift from Okawaru
 10938 | D        | Noticed a Tzitzimitl
 10938 | D        | Noticed Margery
 10954 | D        | Killed a Tzitzimitl
 10955 | D        | Reached skill level 15 in Spellcasting
 10958 | D        | Killed Margery
 11077 | D        | Got the ring of Attitude {rN+ Int+6}
 11080 | D        | Got the ring "Feiblol" {Contam rF++ rC+ Str+6}
 11083 | D        | Got the ring of Qoapseri {Fly rF+ Int-4 Slay+3}
 11086 | D        | Got the ring "Ophu" {rF++ rN+ Int-2}
 11089 | D        | Got the ring "Bopeles" {AC+4 Slay+2 SInv Stlth+}
 11093 | D        | Got the ring "Esoecwe" {rElec rPois Int+2 SInv Stlth+}
 11097 | D        | Got the ring of Paranoia {Int+2 SInv}
 11102 | D        | Got the ring "Gidd" {rPois Str+4}
 11105 | D        | Got an iron rune of Zot
 11110 | D        | Got the ring "Pomm" {+Blink rC+++ Int+6 Dex-5 Slay+4}
 11113 | D        | Got the ring "Sezi" {Ice Stlth+}
 11118 | D        | Got the ring "Nolopo" {rPois rN+ Dex+2}
 11121 | D        | Got the ring "Vemukk" {Fly rF+ Str+2}
 11125 | D        | Got the +2 pair of gloves of Qest {Int+4}
 11151 | D        | Noticed Jory
 11151 | D        | Noticed a Killer Klown
 11163 | D        | Killed Jory
 11164 | D        | Reached XP level 22. HP: 172/212 MP: 35/42
 11171 | D        | Killed a Killer Klown
 11207 | D        | Reached skill level 27 in Evocations
 11244 | D        | Noticed Khufu
 11252 | D        | Killed Khufu
 11327 | D        | Noticed Frederick
 11336 | D        | Killed Frederick
 11340 | D        | Noticed Geryon
 11365 | D        | Killed Geryon
 11368 | D        | Noticed Qucauj the pandemonium lord
 11394 | D        | Killed Qucauj the pandemonium lord
 11394 | D        | Identified the +3 pair of boots "Xanyo" {god gift, rF+
                  | Regen+} (Okawaru gifted it to you in the Dungeon)
 11394 | D        | Received a gift from Okawaru
 11411 | D        | Noticed an orb of fire
 11420 | D        | Gained mutation: You are strong-willed. (Will+) [an orb of
                  | fire]
 11435 | D        | Killed an orb of fire
 11470 | D        | Noticed an ancient lich
 11475 | D        | Killed an ancient lich
 11542 | D        | Reached skill level 27 in Earth Magic
 11597 | D        | Noticed Boris
 11607 | D        | Killed Boris
 11634 | D        | Reached skill level 10 in Stealth
 11640 | D        | Reached XP level 23. HP: 214/219 MP: 48/51
 11678 | D        | Reached skill level 15 in Stealth
 11790 | D        | Reached skill level 5 in Throwing
 11796 | D        | Noticed a royal mummy
 11801 | D        | Killed a royal mummy
 11801 | D        | Received a gift from Okawaru
 11845 | D        | Found the ring of Shadows {Umbra +Inv Stlth+}
 11845 | D        | Noticed a golden dragon
 11845 | D        | Noticed a golden dragon
 11845 | D        | Noticed a golden dragon
 11845 | D        | Noticed a golden dragon
 11872 | D        | Killed a golden dragon
 11872 | D        | Received a gift from Okawaru
 11890 | D        | Killed a golden dragon
 11891 | D        | Reached skill level 10 in Throwing
 11891 | D        | Reached skill level 27 in Spellcasting
 11913 | D        | Killed a golden dragon
 11924 | D        | Killed a golden dragon
 11935 | D        | Noticed a golden dragon
 11945 | D        | Killed a golden dragon
 11977 | D        | Reached skill level 15 in Throwing
 12037 | D        | Noticed a golden dragon
 12088 | D        | Killed a golden dragon
 12173 | D        | Reached skill level 27 in Stealth
 12205 | D        | Learned a level 7 spell: Orb of Destruction
 12209 | D        | Received a gift from Okawaru
 12210 | D        | Reached XP level 24. HP: 227/227 MP: 54/54
 12236 | D        | Reached skill level 1 in Conjurations
 12252 | D        | Noticed a golden dragon
 12254 | D        | Killed a golden dragon
 12281 | D        | Noticed a golden dragon
 12291 | D        | Noticed a golden dragon
 12305 | D        | Killed a golden dragon
 12306 | D        | Reached skill level 5 in Conjurations
 12311 | D        | Killed a golden dragon
 12402 | D        | Noticed a golden dragon
 12406 | D        | Killed a golden dragon
 12415 | D        | Noticed a golden dragon
 12425 | D        | Killed a golden dragon
 12425 | D        | Received a gift from Okawaru
 12529 | D        | Got a golden rune of Zot
 12569 | D        | Got the ring of Uxtoaxuich {rF++ rC- Will- AC+4 Str+10}
 12646 | D        | Noticed Caw Ite the pandemonium lord
 12658 | D        | Killed Caw Ite the pandemonium lord
 12677 | D        | Reached skill level 10 in Conjurations
 12680 | D        | Noticed an ancient lich
 12688 | D        | Killed an ancient lich
 12780 | D        | Reached XP level 25. HP: 234/234 MP: 46/54
 12984 | D        | Noticed Dissolution
 12991 | D        | Killed Dissolution
 12991 | D        | Received a gift from Okawaru
 13015 | D        | Noticed Antaeus
 13044 | D        | Killed Antaeus
 13044 | D        | Received a gift from Okawaru
 13061 | D        | Noticed Ityverec the pandemonium lord
 13074 | D        | Killed Ityverec the pandemonium lord
 13091 | D        | Reached skill level 15 in Conjurations
 13110 | D        | Reached skill level 27 in Shields
 13146 | D        | Noticed an orb of fire
 13153 | D        | Killed an orb of fire
 13186 | D        | Reached skill level 27 in Staves
 13189 | D        | Received a gift from Okawaru
 13193 | D        | Reached skill level 27 in Armour
 13202 | D        | Received a gift from Okawaru
 13209 | D        | Noticed Xtahua
 13215 | D        | Killed Xtahua
 13216 | D        | Reached skill level 27 in Crossbows
 13218 | D        | Noticed a Killer Klown
 13218 | D        | Noticed Mara
 13219 | D        | Noticed Cit Wea the pandemonium lord
 13235 | D        | Noticed MikeHunt's illusion
 13257 | D        | Killed a Killer Klown
 13258 | D        | Reached XP level 26. HP: 239/242 MP: 19/54
 13287 | D        | Killed Cit Wea the pandemonium lord
 13299 | D        | Noticed Gloorx Vloq
 13316 | D        | Slain by an Executioner

Illustrated notes

Levels and vault maps discovered:
D:        pitsprint [storerooms_1, entrance_room_1, metal_vault_6, armoury_1,
          mini_pit_1, grid_room_1, main_hall_1, silver_pit, the_coven_2,
          the_vestibule_1, steel_vault_5, golden_pit, hallway_of_sentries,
          crystal_vault_2, iron_vault_2, final_vault]

Skill      XL: |  1  2  3  4  5  6  7  8  9 10 11 12 13 14 15 16 17 18 19 20 21 22 23 24 25 26 |
---------------+-------------------------------------------------------------------------------+-----
Shields        | 4 7 8 9 11 14 16 19 22 25 27 | 27.0
Staves         | 3 5 6 9 12 13 14 15 17 22 23 25 27 | 27.0
Invocations    | 5 7 10 12 15 17 20 25 27 | 27.0
Dodging        | 5 7 9 12 14 15 17 18 19 22 24 26 | 26.8
Fighting       | 7 9 11 14 16 18 20 21 22 26 27 | 27.0
Armour         | 7 9 11 14 16 18 20 21 22 24 27 | 27.0
Bows           | 9 19 20 22 23 25 26 | 26.1
Evocations     | 22 26 27 | 27.0
Crossbows      | 15 22 24 27 | 27.0
Spellcasting   | 16 24 27 | 27.0
Earth Magic    | 18 27 | 27.0
Stealth        | 11 27 | 27.0
Throwing       | 19 | 19.5
Conjurations   | 12 17 18 | 18.5

Action                   |  1- 3 |  4- 6 |  7- 9 | 10-12 | 13-15 | 16-18 | 19-21 | 22-24 | 25-27 || total
-------------------------+-------+-------+-------+-------+-------+-------+-------+-------+-------++-------
Melee: Quarterstaff      |    52 |    58 |    86 |   348 |   633 |    78 |       |       |       ||  1255
       Lajatang          |       |       |       |       |   338 |   349 |   359 |   516 |    88 ||  1650
 Fire: Longbow           |       |       |       |       |     3 |   244 |   166 |       |       ||   413
       Heavy crossbow    |       |       |       |       |       |       |    30 |   140 |    71 ||   241
Throw: Dart              |       |       |       |    14 |    13 |     1 |       |       |       ||    28
       Throwing net      |       |       |       |       |       |       |       |       |     1 ||     1
 Cast: Shatter           |       |       |       |       |       |       |       |     7 |     5 ||    12
Invok: Heroism           |       |     1 |     3 |     7 |    11 |     9 |    11 |     6 |     3 ||    51
       Finesse           |       |       |       |     3 |     7 |     8 |     8 |     5 |     3 ||    34
  Use: Potion            |     3 |     1 |     1 |     5 |     4 |    18 |     7 |     3 |     5 ||    47
       Scroll            |       |       |       |       |     7 |     8 |     1 |       |       ||    16
 Stab: Invisible         |     2 |     5 |       |       |       |       |       |       |       ||     7
       Sleeping          |       |       |       |       |       |       |     1 |     9 |       ||    10
       Distracted        |       |       |       |       |       |       |       |     1 |     1 ||     2
Armor: Scale mail        |    23 |     5 |     2 |       |       |       |       |       |       ||    30
       Chain mail        |       |       |     5 |    39 |    43 |       |       |       |       ||    87
       Crystal plate arm |       |       |       |       |    85 |       |       |       |       ||    85
       Plate armour      |       |       |       |       |     5 |    80 |    68 |   122 |    79 ||   354
Dodge: Dodged            |    17 |     5 |    10 |    62 |   188 |   143 |    69 |   173 |    91 ||   758
Block: Kite shield       |    22 |    21 |    17 |    85 |   267 |       |       |       |       ||   412
       Tower shield      |       |       |       |       |    88 |   302 |   233 |   424 |   135 ||  1182

Table legend: (Time is in decaauts) A = Elapsed time spent in this place. B = Non-inter-level travel time spent in this place. C = Inter-level travel time spent in this place. D = Time resting spent in this place. E = Time spent auto-exploring this place. F = Levels seen in this place. G = Mean time per level. A B C D E F G +--------+--------+--------+--------+--------+-----+--------+ Total | 11404 | 10500 | 904 | 4087 | 49 | 1 | 11404.0 | Dungeon | 11404 | 10500 | 904 | 4087 | 49 | 1 | 11404.0 | +--------+--------+--------+--------+--------+-----+--------+

Top non-repeatable levels by time:
       D: 11404 daAuts
